[gd_scene load_steps=9 format=2]

[ext_resource path="res://Scripts/Soldier.gd" type="Script" id=1]
[ext_resource path="res://Assets/Units/reg_soldier.png" type="Texture" id=2]

[sub_resource type="RectangleShape2D" id=1]

[sub_resource type="RectangleShape2D" id=2]
extents = Vector2( 11.9569, 11.5942 )

[sub_resource type="Animation" id=3]
resource_name = "DOWN"
tracks/0/type = "value"
tracks/0/path = NodePath("Sprite:frame")
tracks/0/interp = 1
tracks/0/loop_wrap = true
tracks/0/imported = false
tracks/0/enabled = true
tracks/0/keys = {
"times": PoolRealArray( 0 ),
"transitions": PoolRealArray( 1 ),
"update": 1,
"values": [ 0 ]
}

[sub_resource type="Animation" id=4]
length = 0.001
tracks/0/type = "value"
tracks/0/path = NodePath("Sprite:frame")
tracks/0/interp = 1
tracks/0/loop_wrap = true
tracks/0/imported = false
tracks/0/enabled = true
tracks/0/keys = {
"times": PoolRealArray( 0 ),
"transitions": PoolRealArray( 1 ),
"update": 1,
"values": [ 1 ]
}

[sub_resource type="Animation" id=5]
length = 0.001
tracks/0/type = "value"
tracks/0/path = NodePath("Sprite:frame")
tracks/0/interp = 1
tracks/0/loop_wrap = true
tracks/0/imported = false
tracks/0/enabled = true
tracks/0/keys = {
"times": PoolRealArray( 0 ),
"transitions": PoolRealArray( 1 ),
"update": 1,
"values": [ 3 ]
}

[sub_resource type="Animation" id=6]
length = 0.001
tracks/0/type = "value"
tracks/0/path = NodePath("Sprite:frame")
tracks/0/interp = 1
tracks/0/loop_wrap = true
tracks/0/imported = false
tracks/0/enabled = true
tracks/0/keys = {
"times": PoolRealArray( 0 ),
"transitions": PoolRealArray( 1 ),
"update": 1,
"values": [ 2 ]
}

[node name="Soldier" type="KinematicBody2D" groups=[
"Soldier",
]]
collision_layer = 513
collision_mask = 2
script = ExtResource( 1 )

[node name="CollisionShape2D" type="CollisionShape2D" parent="."]
shape = SubResource( 1 )

[node name="Sprite" type="Sprite" parent="."]
position = Vector2( 0.0641479, -0.33551 )
texture = ExtResource( 2 )
vframes = 2
hframes = 2
frame = 1

[node name="enemy_detection" type="Area2D" parent="."]
collision_layer = 2

[node name="CollisionShape2D" type="CollisionShape2D" parent="enemy_detection"]
shape = SubResource( 2 )

[node name="Timer" type="Timer" parent="."]

[node name="anim" type="AnimationPlayer" parent="."]
anims/DOWN = SubResource( 3 )
anims/LEFT = SubResource( 4 )
anims/RIGHT = SubResource( 5 )
anims/UP = SubResource( 6 )

[node name="ray2target" type="RayCast2D" parent="."]
enabled = true
collision_mask = 2

[node name="shot_timer" type="Timer" parent="."]
wait_time = 0.08
one_shot = true
[connection signal="mouse_entered" from="enemy_detection" to="." method="_on_Area2D_mouse_entered"]
[connection signal="mouse_exited" from="enemy_detection" to="." method="_on_Area2D_mouse_exited"]
[connection signal="timeout" from="Timer" to="." method="_on_Timer_timeout"]
[connection signal="timeout" from="shot_timer" to="." method="_on_shot_timer_timeout"]
